 Dungeon Crawl Stone Soup version 0.29-a0-925-g0a7a3d12f8 (webtiles) character file.

Game seed: 2700652843955784497

78383 wilfster70 the Skirmisher (level 15, -9/113 HPs)
             Began as a Demonspawn Berserker on July 29, 2022.
             Was a High Priest of Trog.
             Mangled by an orc warrior
             ... wielding a +0 glaive
              (13 damage)
             ... on level 2 of the Orcish Mines.
             The game lasted 00:58:24 (28842 turns).

wilfster70 the Skirmisher (Demonspawn Berserker)   Turns: 28842, Time: 00:58:24

Health: -9/113     AC: 32    Str: 20    XL:     15   Next: 18%
Magic:  15/15      EV:  7    Int:  9    God:    Trog [*****.]
Gold:   2201       SH:  0    Dex: 20    Spells: 14/14 levels left

rFire   . . .      SeeInvis .   a - +2 demon trident (vorpal)
rCold   + . .      Faith    +   (no shield)
rNeg    + + .      Spirit   .   F - +1 plate armour of the Lost Flying Curses {+Blink rN+ Will+}
rPois   +          Reflect  .   m - +2 helmet
rElec   +          Harm     .   (no cloak)
rCorr   .          Rampage  .   q - +2 pair of gloves
Will    ++...                   (no boots)
Stlth   ..........              v - amulet "Hudaeru" {Faith rElec rC+ Regen+ Str-3}
HPRegen 1.08/turn               A - +6 ring of dexterity
MPRegen 0.14/turn               E - ring of Atsut {rPois rN+}

@: sanguine armoured
A: hooves 1, ignite blood 1, sanguine armour 3, demonic magic 3, subdued magic 1
a: Renounce Religion, Evoke Blink, Berserk, Trog's Hand, Brothers in Arms


You were on level 2 of the Orcish Mines.
You worshipped Trog.
Trog was extremely pleased with you.
You visited 3 branches of the dungeon, and saw 21 of its levels.
You also visited: Ossuary.

You collected 2201 gold pieces.

Inventory:

Hand Weapons
 a - a +2 vorpal demon trident (weapon)
 b - the +7 longbow of Prudence {vorpal, rC++}
   (You found it on level 8 of the Dungeon)

   Any ammunition fired from it inflicts extra damage upon your enemies.
   rC:        It greatly protects you from cold.
Missiles
 d - 16 boomerangs (quivered)
 p - 36 poisoned darts
 w - 9 javelins
 y - 2 throwing nets
 K - 2 curare-tipped darts
Armour
 e - a +0 buckler
 m - a +2 helmet (worn)
 q - a +2 pair of gloves (worn)
 F - the +1 plate armour of the Lost Flying Curses (worn) {+Blink rN+ Will+}
   (You found it on level 2 of the Lair of Beasts)

   rN:        It protects you from negative energy.
   +Blink:    It lets you blink.
   Will:      It increases your willpower.
Jewellery
 h - an amulet of reflection
 v - the amulet "Hudaeru" (around neck) {Faith rElec rC+ Regen+ Str-3}
   (You found it on level 5 of the Dungeon)

   [amulet of faith]

   It allows you to gain divine favour quickly.
   Str:       It affects your strength (-3).
   rC:        It protects you from cold.
   rElec:     It insulates you from electricity.
   Regen:     It increases your rate of health regeneration.
 A - a +6 ring of dexterity (left hand)
 C - an amulet of guardian spirit
 E - the ring of Atsut (right hand) {rPois rN+}
   (You found it on level 8 of the Dungeon)

   [ring of positive energy]

   rPois:     It protects you from poison.
   rN:        It protects you from negative energy.
 J - an amulet of the acrobat
Wands
 j - a wand of polymorph (7)
 n - a wand of roots (10)
 I - a wand of paralysis (11)
Scrolls
 f - 6 scrolls of poison
 l - 10 scrolls of teleportation
 r - 7 scrolls of identify
 u - 2 scrolls of blinking
 B - 8 scrolls of fog
 D - a scroll of enchant armour
 G - 2 scrolls of magic mapping
Potions
 c - a potion of invisibility
 g - 4 potions of resistance
 i - 14 potions of curing
 k - 6 potions of lignification
 o - 6 potions of flight
 s - 2 potions of cancellation
 t - 8 potions of mutation
 x - 2 potions of heal wounds
 z - 10 potions of ambrosia
 H - 2 potions of haste


   Skills:
 - Level 9.0 Fighting
 - Level 14.0 Polearms
 - Level 14.7 Ranged Weapons
 + Level 5.8 Throwing
 - Level 7.1 Armour
 - Level 1.7 Dodging
 - Level 4.0 Shields
 - Level 10.0 Evocations


You had 14 spell levels left.
You didn't know any spells.
Your spell library contained the following spells:

 Spells                   Type           Power      Damage    Failure   Level
 Beastly Appendage        Tmut           0%         N/A       100%        1
 Scorch                   Fire           0%         2d5       100%        2
 Wereblood                Tmut           0%         N/A       100%        2
 Inner Flame              Hex/Fire       0%         N/A       100%        3
 Portal Projectile        Hex/Tloc       0%         N/A       100%        3
 Spider Form              Tmut/Pois      0%         N/A       100%        3
 Stone Arrow              Conj/Erth      0%         3d7       100%        3
 Tukima's Dance           Hex            0%         N/A       100%        3
 Animate Armour           Summ/Erth      0%         N/A       100%        4
 Flame Wave               Conj/Fire      0%         2d4       100%        4
 Blade Hands              Tmut           0%         N/A       100%        5
 Lehudib's Crystal Spear  Conj/Erth      0%         10d2      100%        8


Dungeon Overview and Level Annotations

Branches:
Dungeon (14/15)            Temple (0/1) D:6            Lair (5/5) D:9
 Shoals (0/4) Lair:2        Snake (0/4) Lair:3        Slime (0/5) Lair:5
    Orc (2/2) D:12         Vaults (0/5) D:13        Ossuary (visited)
    Elf: Orc:2

Altars:
Ashenzari
Cheibriados
Fedhas
Hepliaklqana
Kikubaaqudgha
Trog
Uskayaw
Vehumet
Wu Jian
Yredelemnul
Jiyva

Shops:
D:7 :   D:10 :   D:11 (   Orc:2 :

Annotations:
D:7 3 runed translucent doors, exclusion: 3 doors, Grwwl's ghost, amateur DrGl; Peppero's ghost, novice DjCj; gabibbone's ghost, novice OpIE
D:12 2 transporters, inmateoo's ghost, journeyman GnWn


Innate Abilities, Weirdness & Mutations

You have large cloven feet.
Your demonic aura sometimes causes spilled blood to erupt in flames.
When seriously injured, your blood forms very thick armour. (AC +12)
Spells you cast and wands you use may paralyse nearby enemies.
Your spells are a little easier to cast, but a little less powerful.


Message History

The sixfirhy disappears in a puff of smoke!
The chaos spawn degenerates into a cloud of primal chaos!
You reach to attack!
You completely miss the orc knight.
The orc knight hits you but does no damage.
The orc warrior throws a boomerang.
The boomerang closely misses you.
The orc priest casts a cantrip, but nothing happens.
You hit the orc warrior. You kick the orc warrior.
The orc warrior is moderately wounded.
The orc warrior hits you but does no damage.
You partially resist.
The orc knight hits you from afar with a +0 halberd.
The orc warrior throws a boomerang.
The boomerang hits you but does no damage.
You closely miss the orc warrior. Your kick misses the orc warrior.
The orc warrior is moderately wounded.
You hit the orc warrior but do no damage.
The orc warrior is moderately wounded.
The orc warrior barely misses you. The orc priest barely misses you.
The orc knight hits you but does no damage.
The orc warrior hits you from afar with a +0 glaive!
You hit the orc priest. You kick the orc priest.
The orc priest is heavily wounded.
You closely miss the orc priest.
The orc priest is heavily wounded.
The orc warrior hits you with a +1 scimitar of draining.
You partially resist.
The orc knight hits you from afar with a +0 halberd!
The orc priest hits you but does no damage.
The orc warrior hits you from afar with a +0 glaive!!
* * * LOW HITPOINT WARNING * * *
You hit the orc priest.
The orc priest is almost dead.
The orc warrior hits you with a +1 scimitar of draining.
* * * LOW HITPOINT WARNING * * *
You partially resist.
The orc priest miscasts a cantrip.
The orc knight hits you from afar with a +0 halberd.
* * * LOW HITPOINT WARNING * * *
The orc warrior hits you from afar with a +0 glaive!
You die...

.####.........<............#.....
..##........................#.#.#
.#.##.##....................#.###
....#.##.........................
4.4#.............................
.o.§.......................⌠.⌠...
o...{.........)o..#..............
##########..[.)o............∩.^.#
#....[o@..............##
#.................⌠.⌠.##
#....o.................#
#...............#....... #
#.......................
#.......................
#...#...................
#.......................
#............#..........


You could see an orc knight, 2 orc warriors and an orc priest (strong).

Vanquished Creatures
  Jorgrun (Orc:2)
  Rupert (D:13)
  An orc warlord (Orc:1)
  Josephine (D:13)
  A fire dragon (Lair:5)
  8 hydras
  5 boulder beetles
  5 two-headed ogres
  3 orc high priests
  A skeletal warrior (D:12)
  A swamp dragon (Lair:5)
  A wizard (D:13)
  An orc knight (D:12)
  An oklob plant (Lair:2)
  A manticore (D:12)
  2 orc sorcerers
  7 slime creatures (D:13)
  4 cyclopes
  19 elephants
  Joseph (D:7)
  6 black mambas
  4 torpor snails
  A gargoyle (D:12)
  Maggie (D:7)
  14 cane toads
  3 unseen horrors
  2 kobold demonologists (D:12)
  13 komodo dragons
  7 rime drakes
  A queen bee (D:12)
  2 hornets
  12 polar bears
  4 trolls
  A raiju (Lair:5)
  8 dream sheep
  20 blink frogs
  3 shadows
  A vampire (D:13)
  44 yaks
  6 wraiths
  3 steam dragons
  9 vampire mosquitoes
  2 basilisks (Lair:5)
  9 wargs
  An acid dragon (Lair:5)
  10 water moccasins
  Duvessa (D:7)
  14 hell hounds (Lair:5)
  A hornet zombie (D:7)
  2 swamp drakes (Lair:5)
  16 orc warriors
  2 sky beasts
  An ice beast (D:6)
  12 black bears
  13 wolves (Lair:5)
  4 ogres
  A phantom (D:6)
  8 centaurs
  2 elf zombies (Ossuary)
  3 kobold brigands
  9 bullfrogs
  2 scorpions (D:5)
  A wyvern zombie (D:7)
  2 necrophages
  7 wights
  A water moccasin zombie (D:7)
  Dowan (D:7)
  34 killer bees
  An electric eel (Lair:2)
  7 howler monkeys
  A centaur zombie (D:7)
  14 orc priests
  3 hounds
  A jelly (D:5)
  A human zombie (Ossuary)
  A gnoll bouda (D:6)
  An iguana (D:7)
  20 orc wizards
  5 hell rats (Lair:4)
  3 hound zombies (Ossuary)
  3 mummies (Ossuary)
  9 gnolls
  8 adders
  A white imp (D:7)
  An ufetubus (D:3)
  5 adder zombies (Ossuary)
  4 worms
  6 dart slugs
  63 orcs
  12 bats
  9 endoplasms
  4 giant cockroaches
  A gnoll zombie (Ossuary)
  6 goblins
  2 hobgoblins (D:1)
  5 jackals
  17 kobolds
  5 quokkas
  4 ball pythons
  6 frilled lizards
  3 goblin zombies (Ossuary)
  6 hobgoblin zombies (Ossuary)
  4 jackal zombies (Ossuary)
  A kobold zombie (Ossuary)
  2 orc zombies (Ossuary)
  3 quokka zombies (Ossuary)
  6 rats
  4 rat zombies (Ossuary)
  A butterfly (Lair:2)
648 creatures vanquished.

Vanquished Creatures (collateral kills)
  A cyclops (D:13)
  An elephant (Lair:4)
  A steam dragon (Lair:5)
  A water moccasin (Lair:5)
  2 kobold brigands (D:12)
  A kobold (D:12)
7 creatures vanquished.

Vanquished Creatures (others)
  A blink frog (Lair:5)
  An iguana (Lair:5)
  3 orcs (D:8)
  2 kobolds
  11 fungi
  74 plants
  2 withered plants (D:7)
94 creatures vanquished.

Grand Total: 749 creatures vanquished

Notes
Turn   | Place    | Note
-------+----------+-------------------------------------------
     0 | D:1      | wilfster70 the Demonspawn Berserker began the quest for the
                  | Orb.
     0 | D:1      | Reached XP level 1. HP: 18/18 MP: 1/1
   341 | D:1      | Gained mutation: When seriously injured, your blood forms
                  | armour. (AC +12) [demonic ancestry]
   341 | D:1      | Reached XP level 2. HP: 18/24 MP: 2/2
   741 | D:1      | Gained mutation: When seriously injured, your blood forms
                  | thick armour. (AC +12) [demonic ancestry]
   741 | D:1      | Reached XP level 3. HP: 28/29 MP: 3/3
  1734 | D:2      | Found a faded altar of an unknown god.
  2099 | D:2      | Gained mutation: Spells you cast may paralyse adjacent
                  | enemies. [demonic ancestry]
  2099 | D:2      | Reached XP level 4. HP: 35/35 MP: 4/4
  2700 | D:3      | Reached ** piety under Trog
  3396 | D:3      | Gained mutation: When seriously injured, your blood forms
                  | very thick armour. (AC +12) [demonic ancestry]
  3396 | D:3      | Reached XP level 5. HP: 42/42 MP: 5/5
  4033 | D:4      | Reached skill level 1 in Shields
  4156 | D:4      | Found a hazy altar of Hepliaklqana.
  4600 | D:4      | Found a radiant altar of Vehumet.
  4728 | D:4      | Gained mutation: Your demonic aura sometimes causes spilled
                  | blood to erupt in flames. [demonic ancestry]
  4728 | D:4      | Reached XP level 6. HP: 48/48 MP: 6/6
  4862 | D:5      | Entered Level 5 of the Dungeon
  5215 | D:5      | Reached skill level 5 in Polearms
  5684 | D:5      | Noticed a water moccasin
  5696 | D:5      | Killed a water moccasin
  5697 | D:5      | Reached XP level 7. HP: 55/55 MP: 7/7
  6324 | D:5      | Identified the amulet "Hudaeru" {Faith rElec rC+ Regen+
                  | Str-3}
  6999 | D:6      | Found a blossoming altar of Fedhas.
  7097 | D:6      | Reached skill level 5 in Fighting
  7259 | D:6      | Found a staircase to the Ecumenical Temple.
  7388 | D:7      | Found a sand-covered staircase.
  7394 | Ossuary  | Entered an ossuary
  7651 | Ossuary  | Reached XP level 8. HP: 54/62 MP: 8/8
  7732 | Ossuary  | Reached *** piety under Trog
  8045 | D:7      | Found a runed translucent gate.
  8045 | D:7      | Found a runed translucent gate.
  8045 | D:7      | Found a runed translucent gate.
  8055 | D:7      | Noticed gabibbone's ghost (novice OpIE)
  8055 | D:7      | Noticed Peppero's ghost (novice DjCj)
  8055 | D:7      | Noticed Grwwl's ghost (amateur DrGl)
  8077 | D:7      | Noticed Maggie
  8091 | D:7      | Killed Maggie
  8693 | D:7      | Reached skill level 5 in Armour
  8852 | D:6      | Gained mutation: Spells you cast may paralyse nearby
                  | enemies. [demonic ancestry]
  8852 | D:6      | Reached XP level 9. HP: 62/69 MP: 9/9
  8997 | D:7      | Noticed Duvessa
  8999 | D:7      | Noticed Dowan
  9074 | D:7      | Killed Duvessa
  9079 | D:7      | Killed Dowan
  9270 | D:7      | Got the Grimoire of a Million Gods
  9668 | D:7      | Found Ysetsaen's Book Shop.
  9750 | D:7      | Noticed Joseph
  9764 | D:7      | Killed Joseph
  9869 | D:7      | Found an ancient bone altar of Kikubaaqudgha.
 10243 | D:8      | Identified the +7 longbow of Prudence {vorpal, rC++}
 11002 | D:8      | Identified the ring of Atsut {rPois rN+}
 11098 | D:8      | Gained mutation: Spells you cast and wands you use may
                  | paralyse nearby enemies. [demonic ancestry]
 11098 | D:8      | Reached XP level 10. HP: 79/79 MP: 10/10
 12206 | D:9      | Reached skill level 10 in Polearms
 12321 | D:9      | Found a staircase to the Lair.
 12920 | D:10     | Entered Level 10 of the Dungeon
 13147 | D:10     | Found Teyd's Book Shoppe.
 13236 | D:10     | Found an ornate altar of the Wu Jian Council.
 13236 | D:10     | Found a broken altar of Ashenzari.
 13236 | D:10     | Found a hide-covered altar of Uskayaw.
 13236 | D:10     | Found a snail-covered altar of Cheibriados.
 13237 | D:10     | Found a basalt altar of Yredelemnul.
 13332 | D:10     | Noticed a cyclops
 13352 | D:10     | Killed a cyclops
 13663 | D:10     | Identified the +6 short sword "Laytish" {freeze, rC+ SInv}
 13768 | D:10     | Reached XP level 11. HP: 84/89 MP: 11/11
 15282 | D:11     | You fall into a shaft and drop 3 floors!
 15351 | D:13     | Noticed a boulder beetle
 15390 | D:13     | Killed a boulder beetle
 15781 | D:12     | Noticed a six-headed hydra
 15790 | D:12     | Killed a six-headed hydra
 16044 | D:12     | Noticed a two-headed ogre
 16057 | D:12     | Killed a two-headed ogre
 16091 | D:12     | Noticed a two-headed ogre
 16107 | D:12     | Noticed a tengu warrior
 16108 | D:12     | Found a transporter.
 16190 | D:11     | Noticed a four-headed hydra
 16199 | D:11     | Killed a four-headed hydra
 16282 | D:11     | Noticed a two-headed ogre
 16292 | D:11     | Killed a two-headed ogre
 16344 | D:11     | Noticed a two-headed ogre
 16359 | D:11     | Killed a two-headed ogre
 16360 | D:11     | Reached skill level 1 in Ranged Weapons
 16581 | D:11     | Found Vuhacauf's Antique Weapon Emporium.
 16815 | Lair:1   | Entered Level 1 of the Lair of Beasts
 16930 | D:9      | Gained mutation: You have large cloven feet. [demonic
                  | ancestry]
 16930 | D:9      | Reached XP level 12. HP: 95/95 MP: 12/12
 17025 | Lair:1   | Noticed a boulder beetle
 17051 | Lair:1   | Killed a boulder beetle
 17253 | Lair:1   | Reached skill level 5 in Ranged Weapons
 17769 | Lair:1   | Noticed a four-headed hydra
 17778 | Lair:1   | Killed a four-headed hydra
 17938 | Lair:1   | Noticed a boulder beetle
 17996 | Lair:1   | Killed a boulder beetle
 19684 | Lair:2   | Found a staircase to the Shoals.
 19687 | Lair:2   | Noticed a seven-headed hydra
 19707 | Lair:2   | Killed a seven-headed hydra
 19708 | Lair:2   | Reached skill level 10 in Ranged Weapons
 20135 | Lair:2   | Identified the +1 plate armour of the Lost Flying Curses
                  | {+Blink rN+ Will+}
 20175 | Lair:2   | Reached XP level 13. HP: 101/101 MP: 13/13
 20241 | Lair:2   | Found a snail-covered altar of Cheibriados.
 21711 | Lair:3   | Found a staircase to the Snake Pit.
 22010 | Lair:4   | Reached **** piety under Trog
 22422 | Lair:4   | Found a gate leading to a gauntlet.
 22787 | Lair:4   | You fall into a shaft and drop 1 floor!
 22787 | Lair:5   | Entered Level 5 of the Lair of Beasts
 22831 | Lair:5   | Identified the +1 scale mail of Nekataud {*Corrode SInv
                  | Stlth+}
 23213 | Lair:4   | Reached ***** piety under Trog
 23594 | Lair:5   | Reached XP level 14. HP: 105/108 MP: 14/14
 24014 | Lair:5   | Identified the +5 whip "Oriwkaq" {pain, rPois Will++ Dex+4}
 24028 | Lair:5   | Reached skill level 1 in Evocations
 24207 | Lair:5   | Found a viscous altar of Jiyva.
 24207 | Lair:5   | Found a staircase to the Slime Pits.
 24786 | Lair:5   | Reached skill level 5 in Evocations
 25147 | Lair:5   | Received a gift from Trog
 25572 | D:12     | Found a bloodstained altar of Trog.
 25573 | D:12     | Noticed inmateoo's ghost (journeyman GnWn)
 25816 | D:13     | Noticed Rupert
 25830 | D:13     | Killed Rupert
 25960 | D:12     | Noticed Josephine
 26009 | D:13     | Found a gate to the Vaults.
 26462 | D:13     | Killed Josephine
 26541 | D:12     | Found a transporter.
 26577 | D:12     | Gained mutation: You are dopey. (Int -2) [a neqoxec]
 26875 | D:12     | Reached skill level 10 in Evocations
 27007 | D:12     | Reached skill level 1 in Throwing
 27025 | D:12     | Found a staircase to the Orcish Mines.
 27178 | D:12     | Found a hazy altar of Hepliaklqana.
 27179 | D:12     | Found a faded altar of an unknown god.
 27337 | Orc:1    | Entered Level 1 of the Orcish Mines
 27736 | Orc:1    | Reached XP level 15. HP: 103/113 MP: 15/15
 27896 | Orc:1    | Received a gift from Trog
 28147 | Orc:2    | Entered Level 2 of the Orcish Mines
 28147 | Orc:2    | Noticed Jorgrun
 28165 | Orc:2    | Killed Jorgrun
 28224 | Orc:2    | Found Cifuahij's Vocational Training.
 28430 | Orc:2    | Noticed an orc warlord
 28598 | Orc:1    | Killed an orc warlord
 28599 | Orc:1    | Reached skill level 5 in Throwing
 28667 | Orc:1    | HP: 5/113 [poisoned by an orange demon]
 28772 | Orc:1    | Lost mutation: You are dopey. (Int -2) [potion of mutation]
 28772 | Orc:1    | Gained mutation: Your spells are a little easier to cast,
                  | but a little less powerful. [potion of mutation]
 28842 | Orc:2    | HP: 4/113 [orc knight/+0 halberd (4)]
 28842 | Orc:2    | Mangled by an orc warrior

Illustrated notes

Levels and vault maps discovered:
D:1:      dpeg_arrival_castle, layout_basic
D:2:      layout_loops_ring, chequers_ecumenical_altar_simple,
          minmay_tromino_v4_a
D:3:      minmay_diamond_boxcup, layout_basic
D:4:      layout_loops_corners, mainiacjoe_overflow_small_starburst,
          lemuel_crystal_altar
D:5:      layout_basic, nicolae_overflow_hidden_temple,
          chequers_serial_rivers_small_b, serial_bayou_lagoon_a
D:6:      layout_rooms, fedhas_altar_fruit_tree, minmay_temple_entry_mist,
          minmay_stone_trees_large
D:7:      layout_gridville, kiku_gazebo_garden_becter, gammafunk_ghost_cemetery,
          nicolae_ossuary_entry_plus, serial_undead, serial_undead_c,
          serial_undead_a, serial_undead_f, serial_undead_c,
          nicolae_take_the_stairs, minmay_hedge_maze, uniq_duvessa, uniq_joseph,
          uniq_maggie
D:8:      layout_loops_ring, nicolae_lava_and_water
D:9:      layout_loops_corners, david_lair_shrubbed, grunt_ministairs_11
D:10:     layout_roguey, grunt_temple_overflow_open, serial_corexii_hall,
          corexii_hall_statues_s, corexii_hall_statues_x, serial_shops,
          kennysheep_little_box, kennysheep_generic_room_4
D:11:     layout_roguey, serial_shops, nicolae_shop_stone
D:12:     layout_irregular_city, hiddenorc1_lemuel,
          gammafunk_ghost_wrathful_warriors,
          beargit_hepliaklqana_dungeon_heroes, uniq_josephine
D:13:     layout_rooms, david_vaults_1, chequers_serial_rivers_micro_e,
          nicolae_figureground_sparkle, uniq_rupert
D:14:     layout_loops_ring, nicolae_twisting_strands, amcnicky_mini_pool_small,
          hangedman_abyss_or_decor_passed, uniq_frances, uniq_kirke
Lair:1:   layout_roguey, chequers_serial_rivers_large_a, pond
Lair:2:   layout_small_grid, elwin_shoals_entry_rocks, kennysheep_snail_temple,
          grunt_megastairs_2, lemuel_fruit_fields
Lair:3:   layout_cave_shapes, dummy_snake_entry
Lair:4:   layout_roguey, gauntlet_entry_generic
Lair:5:   guppyfry_lair_end_dragon, layout_long_grid,
          hangedman_lair_caniforms_friends, slime_entry_1,
          chequers_serial_rivers_room_a, grunt_megastairs_5
Orc:1:    layout_caves, basic_altar, special_room [special_room_bee]
Orc:2:    st_orc_congregation, layout_caves, nicolae_shop_vocational,
          uniq_jorgrun, uniq_sonja

Skill      XL: |  1  2  3  4  5  6  7  8  9 10 11 12 13 14 15 |
---------------+----------------------------------------------+-----
Polearms       | 3 4 5 6 7 9 11 14 | 14.0
Armour         | 2 3 4 5 6 7 |  7.1
Fighting       | 4 5 6 7 9 |  9.0
Shields        | 1 2 4 |  4.0
Ranged Weapons | 3 10 14 | 14.7
Evocations     | 10 | 10.0
Throwing       | 3 5 |  5.8
Dodging        | |  1.7

Action                   |  1- 3 |  4- 6 |  7- 9 | 10-12 | 13-15 || total
-------------------------+-------+-------+-------+-------+-------++-------
Melee: Spear             |   146 |   188 |       |       |       ||   334
       Trident           |       |    14 |   480 |   702 |  1175 ||  2371
       Kick              |       |       |       |   128 |   527 ||   655
       Unarmed           |       |       |       |     4 |       ||     4
       Punch             |       |       |       |     3 |    22 ||    25
       Demon trident     |       |       |       |       |   149 ||   149
 Fire: Sling             |       |     3 |       |       |       ||     3
       Longbow           |       |       |       |     9 |    57 ||    66
Invok: Berserk           |     9 |    14 |    16 |    38 |    22 ||    99
       Trog's Hand       |       |     1 |     3 |     5 |     7 ||    16
       Brothers in Arms  |       |       |       |       |     5 ||     5
Evoke: Wand              |       |       |       |    10 |     4 ||    14
  Use: Scroll            |     6 |     5 |     5 |    13 |    10 ||    39
       Potion            |       |       |       |     1 |     3 ||     4
 Stab: Paralysed         |       |       |       |    15 |     2 ||    17
       Distracted        |       |       |       |       |     5 ||     5
Armor: Animal skin       |    23 |       |       |       |       ||    23
       Ring mail         |     9 |       |       |       |       ||     9
       Chain mail        |       |    64 |   105 |       |       ||   169
       Swamp dragon scal |       |       |    97 |   197 |    19 ||   313
       Plate armour      |       |       |       |       |   992 ||   992
Dodge: Dodged            |    69 |    55 |   176 |   213 |   426 ||   939
Block: Buckler           |    10 |    78 |   255 |   206 |       ||   549
       Reflection        |       |     2 |    10 |     8 |       ||    20
       Other             |       |       |       |    13 |       ||    13

Table legend: (Time is in decaauts)
 A = Elapsed time spent in this place.
 B = Non-inter-level travel time spent in this place.
 C = Inter-level travel time spent in this place.
 D = Time resting spent in this place.
 E = Time spent auto-exploring this place.
 F = Levels seen in this place.
 G = Mean time per level.
                   A        B        C        D        E       F      G
               +--------+--------+--------+--------+--------+-----+--------+
         Total |  29124 |  28038 |   1086 |  10167 |  10489 |  22 | 1323.8 |
       Dungeon |  18996 |  18320 |    676 |   7039 |   7148 |  14 | 1356.9 |
          Lair |   8345 |   7951 |    394 |   2585 |   2896 |   5 | 1669.0 |
  Orcish Mines |   1128 |   1113 |     15 |    305 |    445 |   2 |  564.0 |
       Ossuary |    654 |    654 |      0 |    237 |      0 |   1 |  654.0 |
               +--------+--------+--------+--------+--------+-----+--------+

Top non-repeatable levels by time:
  Lair:1: 2313 daAuts
     D:9: 2186 daAuts
     D:5: 1972 daAuts
    D:12: 1759 daAuts
  Lair:5: 1753 daAuts
  Lair:2: 1729 daAuts
    D:10: 1663 daAuts
  Lair:4: 1506 daAuts
     D:6: 1484 daAuts
     D:7: 1411 daAuts
     D:3: 1408 daAuts
     D:1: 1328 daAuts
     D:8: 1276 daAuts
     D:2: 1248 daAuts
    D:13: 1119 daAuts
